Map: Altitude LE

Players

A.I. 1 (Very Easy) - Winner!

  • Race: Terran Terran
  • Spawn Location: 1:00

Archoff

  • Race: Protoss Protoss
  • League: Diamond
  • Spawn Location: 7:00

VOD

Have the link to the VOD?

Description

Time

  • Played on: March 4, 2023, 8:46 a.m.
  • Length: 6:21
Show
View Real Time Build Order
Export as new Build Order

A.I. 1 (Very Easy) Terran - Winner!

Build Orders:  

Get SALT Encoding   

  12  0:00  SCV  
  13  0:13  SCV  
  14  0:20  Supply Depot  
  14  0:46  Barracks  
  14  0:55  Supply Depot  
  14  1:02  Refinery  
  15  1:04  SCV  
  15  1:13  Refinery  
  15  1:17  SCV  
  16  1:29  SCV  
  17  1:34  Marine  
  18  1:41  SCV  
  19  1:52  Reaper  
  19  1:53  SCV  
  21  2:05  SCV  
  22  2:18  Orbital Command  
  22  2:39  Marine  
  22  2:41  Supply Depot  
  23  2:44  SCV  
  24  3:03  SCV  
  24  3:05  Supply Depot  
  25  3:08  Factory  
  25  3:15  SCV  
  26  3:27  SCV, Marine  
  28  3:39  SCV  
  29  3:47  Barracks Tech Lab  
  29  3:51  SCV  
  29  3:54  Starport  
  30  3:57  Supply Depot  
  30  4:03  SCV  
  33  4:17  Marauder  
  33  4:32  Starport Tech Lab  
  33  4:51  Raven  
  35  5:05  Marine  
  36  5:26  Raven  
  38  5:53  Marine  
  39  6:05  Command Center  
Show
View Real Time Build Order
Export as new Build Order

Archoff Protoss 

Build Orders: 1 Gate Expand, Phoenix Opening, Colossus Rush 

Get SALT Encoding   

  12  0:00  Probe  
  13  0:13  Probe  
  14  0:17  Pylon  
  14  0:25  Probe  
  15  0:35  Gateway  
  15  0:37  Probe (Chrono Boost)  
  16  0:47  Assimilator, Probe (Chrono Boost)  
  17  0:52  Probe (Chrono Boost)  
  18  1:04  Probe  
  19  1:16  Probe  
  20  1:25  Nexus  
  20  1:36  Cybernetics Core  
  20  1:40  Assimilator  
  20  1:44  Probe  
  21  1:51  Pylon  
  21  1:56  Probe  
  22  2:08  Probe  
  23  2:10  Adept (Chrono Boost)  
  25  2:17  Stargate  
  25  2:20  Probe  
  26  2:26  Warp Gate  
  26  2:30  Adept (Chrono Boost)  
  26  2:32  Probe  
  29  2:37  Probe  
  30  2:44  Probe  
  30  2:49  Probe  
  32  2:52  Adept  
  32  2:57  Probe  
  35  3:00  Phoenix (Chrono Boost)  
  35  3:04  Probe  
  38  3:10  Pylon, Probe  
  39  3:16  Probe  
  40  3:20  Phoenix  
  40  3:22  Probe  
  43  3:28  Probe  
  43  3:32  Gateway  
  44  3:39  Gateway  
  45  3:41  Probe  
  45  3:43  Probe  
  46  3:48  Phoenix  
  46  3:53  Probe  
  46  3:55  Probe  
  50  4:00  Robotics Facility  
  50  4:01  Assimilator  
  50  4:05  Assimilator  
  50  4:07  Probe  
  50  4:08  Probe  
  52  4:13  Pylon  
  52  4:22  Phoenix  
  54  4:31  Probe x2  
  56  4:35  Pylon  
  56  4:43  Probe  
  57  4:46  Robotics Bay  
  57  4:48  Nexus  
  57  4:51  Probe  
  58  4:55  Probe  
  58  4:57  Observer (Chrono Boost)  
  60  5:04  Forge  
  60  5:07  Twilight Council  
  60  5:09  Pylon, Probe  
  60  5:10  Probe  
  62  5:21  Probe  
  63  5:22  Probe  
  64  5:30  Colossus (Chrono Boost)  
  64  5:33  Probe  
  71  5:38  Pylon  
  70  5:43  Pylon  
  70  5:45  Probe x2  
  72  5:50  Gateway  
  72  5:51  Gateway  
  72  5:53  Gateway  
  72  5:57  Probe  
  79  6:14  Assimilator  
  79  6:16  Assimilator  
Tags
 
Add a new tag
Caveats
  • Supply blocks, unpowered buildings, or Contaminate may cause inaccurate times.
  • Supply counts are checked every 10 seconds.